 Dungeon Crawl Stone Soup version 0.20-a0-454-g2b43fbb (console) character file.

50 nht the Chopper (level 3, 0/29 HPs)
             Began as a Barachian Berserker on Jan 9, 2017.
             Was a Believer of Trog.
             Succumbed to an adder's poison
             ... on level 2 of the Dungeon.
             The game lasted 00:02:35 (1310 turns).

nht the Chopper (Barachian Berserker)               Turns: 1310, Time: 00:02:36

Health: 0/29       AC:  2    Str: 21    XL:     3   Next: 79%
Magic:  12/12      EV: 12    Int: 10    God:    Trog [**....]
Gold:   158        SH:  0    Dex: 10    Spells: 2/2 levels left

rFire  . . .     SeeInvis .     a - +0 hand axe
rCold  . . .     Gourm    .     b - +0 animal skin
rNeg   . . .     Faith    .     (no shield)
rPois  .         Spirit   .     (no helmet)
rElec  .         Reflect  .     (no cloak)
rCorr  .         Harm     .     (no gloves)
MR     .....                    (no boots)
Stlth  +.........               (no amulet)
                                (no ring)
                                f - ring of magical power

@: mighty, brilliant, lethally poisoned (0 -> -22), slow
A: swims, slowness 1, slow regeneration 1, strong legs 1
a: Hop, Berserk, Trog's Hand, Burn Spellbooks, Renounce Religion


You were on level 2 of the Dungeon.
You worshipped Trog.
Trog was pleased with you.
You were not hungry.

You visited 1 branch of the dungeon, and saw 2 of its levels.

You collected 158 gold pieces.

Inventory:

Hand Weapons
 a - a +0 hand axe (weapon)
Armour
 b - a +0 animal skin (worn)
Jewellery
 f - a ring of magical power (left hand)
Scrolls
 e - a scroll of noise {unknown}
 g - a scroll of fog {unknown}
 k - a scroll of teleportation {unknown}
 l - a scroll of remove curse {unknown}
Potions
 i - a potion of mutation
Comestibles
 c - a bread ration
 j - a meat ration
 m - 3 chunks of flesh


   Skills:
 - Level 3.2 Fighting
 + Level 4.6 Axes
 - Level 2.1 Armour
 - Level 2.0 Dodging


You had 2 spell levels left.
You didn't know any spells.

Dungeon Overview and Level Annotations

Branches:
Dungeon (2/15)

Altars:


Innate Abilities, Weirdness & Mutations

You can swim through water.
You cover ground slowly.
You can hop short distances.
You regenerate slowly when monsters are visible.


Message History

The adder poisons you!
Unknown command.
It was a potion of mutation.
You feel extremely strange. A pair of horns grows on your head!
The horns on your head shrink away.
Your regeneration weakens near monsters.
* * * LOW HITPOINT WARNING * * *
You feel sick. The adder bites you.
* * * LOW HITPOINT WARNING * * *
You are more poisoned.
The adder poisons you!
It was a potion of might.
You feel very mighty all of a sudden.
* * * LOW HITPOINT WARNING * * *
You feel sick. The adder bites you.
* * * LOW HITPOINT WARNING * * *
You are more poisoned.
The adder poisons you!
It was a potion of brilliance.
You feel clever all of a sudden.
You die...

≈≈....≈≈█.......
♣≈....≈█.......
♣≈....≈█.......
♣≈.....'....... .
♣≈.....'....... ...
♣≈....≈█.......
...≈♣♣♣♣♣♣≈....≈█.....<.
....≈≈≈≈≈≈....≈≈█.......
≈.....)@.....≈≈██.......
≈≈....S.....≈≈███.......
█≈≈........≈≈██.█.████.█
███≈≈......≈≈███.█.......
█.██≈≈≈≈≈≈≈≈████.██████.█
█.███████████....█ █.█
█.█ █.█ █..████.█ █.█
█.████.███..████.██████.█
█.......................█


You could see an adder.

Vanquished Creatures
  A gnoll (D:1)
  An ooze (D:2)
  A dart slug (D:1)
  A leopard gecko (D:1)
  3 giant cockroaches (D:1)
  2 goblins (D:1)
  5 hobgoblins
  6 bats (D:1)
  4 frilled lizards (D:2)
  6 kobolds
  5 rats
35 creatures vanquished.

Notes
Turn   | Place    | Note
-------+----------+-------------------------------------------
     0 | D:1      | nht the Barachian Berserker began the quest for the Orb.
     0 | D:1      | Reached XP level 1. HP: 18/18 MP: 1/1
    75 | D:1      | Reached XP level 2. HP: 20/24 MP: 2/2
   268 | D:1      | Reached skill level 4 in Axes
   298 | D:1      | Reached XP level 3. HP: 14/29 MP: 3/3
   975 | D:2      | Reached ** piety under Trog
  1308 | D:2      | Gained mutation: You have a pair of small horns on your head. [potion of mutation]
  1308 | D:2      | Lost mutation: You have a pair of small horns on your head. [potion of mutation]
  1308 | D:2      | Gained mutation: You regenerate slowly when monsters are visible. [potion of mutation]
  1309 | D:2      | HP: 1/29 [adder (2)]
  1310 | D:2      | Succumbed to an adder's poison

Vault maps used:
D:1:      zaba_arrival_water, minmay_misc_feat_x
D:2:      moated_statue, minivault_27, kennysheep_big_empty_room

Skill      XL: |  1  2 |
---------------+-------+-----
Axes           | 4 |  4.6
Fighting       | |  3.2
Armour         | |  2.1
Dodging        | |  2.0

Action                   || total
-------------------------++-------
Melee: Hand axe          ||   133
Invok: Berserk           ||     2
  Use: Potion            ||     3
  Eat: Chunk             ||     4
Armor: Animal skin       ||    33
Dodge: Dodged            ||    91
